 Dungeon Crawl Stone Soup version 0.26.1-2-gb8aa6d0cf2 (webtiles) character file.

Game seed: 8732994386742161019

95 raph the Chiller (level 4, -1/24 HPs)
             Began as a Deep Elf Ice Elementalist on Mar 7, 2021.
             Killed from afar by a white imp (2 damage)
             ... with a puff of frost
             ... on level 3 of the Dungeon.
             The game lasted 00:05:27 (3460 turns).

raph the Chiller (Deep Elf Ice Elementalist)        Turns: 3460, Time: 00:05:27

Health: -1/24      AC: 11    Str:  5    XL:     4   Next: 39%
Magic:  7/11       EV: 14    Int: 26    God:
Gold:   176        SH:  0    Dex: 16    Spells: 3/10 levels left

rFire    . . .     SeeInvis +   i - +1 hand axe (freeze)
rCold    . . .     Faith    .   (no shield)
rNeg     . . .     Spirit   .   a - +0 robe
rPois    .         Reflect  .   k - +2 hat
rElec    .         Harm     .   (no cloak)
rCorr    .         Rampage  .   (no gloves)
Will     .....                  (no boots)
Stlth    ++........             (no amulet)
HPRegen  0.08/turn              b - ring of see invisible
MPRegen  0.12/turn              l - +6 ring of intelligence

@: icy armour
A: no striking features
a: no special abilities


You were on level 3 of the Dungeon.
You visited 1 branch of the dungeon, and saw 3 of its levels.

You collected 176 gold pieces.

Inventory:

Hand Weapons
 i - a +1 hand axe of freezing (weapon)
Missiles
 d - 29 poisoned darts
Armour
 a - a +0 robe (worn)
 k - a +2 hat (worn)
Jewellery
 b - a ring of see invisible (left hand)
 l - a +6 ring of intelligence (right hand)
 n - an uncursed ring of poison resistance
Scrolls
 f - a scroll of fear
 g - a scroll of amnesia
 h - a scroll of noise {unknown}
 j - a scroll of identify
 m - 3 scrolls of magic mapping {unknown}
Potions
 c - a potion of berserk rage {unknown}
 e - a potion of cancellation


   Skills:
 + Level 3.3 Dodging
 + Level 3.4 Stealth
 + Level 3.9 Spellcasting
 * Level 5.3 Ice Magic


You had 3 spell levels left.
You knew the following spells:

 Your Spells              Type           Power        Failure   Level
a - Freeze                Ice            100%         1%          1
b - Frozen Ramparts       Ice            64%          3%          3
c - Ozocubu's Armour      Ice            32%          3%          3

Your spell library contained the following spells:

 Spells                   Type           Power        Failure   Level
 Hailstorm                Conj/Ice       18%          28%         4
 Summon Ice Beast         Ice/Summ       18%          28%         4


Dungeon Overview and Level Annotations

Branches:
Dungeon (3/15)

Altars:
Okawaru


Message History

Aim: a white imp (moderately wounded)
The white imp completely resists.
You freeze the white imp but do no damage.
The white imp hits you but does no damage.
You hit the white imp.
The white imp is severely wounded.
The white imp barely misses you.
You barely miss the white imp.
The white imp is severely wounded.
The white imp gestures at you. The puff of frost hits you!
* * * LOW HITPOINT WARNING * * *
You hit the white imp.
The white imp is almost dead.
The white imp closely misses you.
You hit the white imp but do no damage.
The white imp is almost dead.
The white imp gestures at you. The puff of frost hits you.
You die...

#####
####...########
...'...'.......
####...########
#...#######
#.........# #
###.#####.######.##
##.## #....@5...#
#####...#
#####.........
...##...#
##≈≈≈.####
##.##...# ..≈#.!..
........# .....###
.#.##...# #######
........# #.......+
.......>#


You could see a white imp.

Vanquished Creatures
  2 adders
  2 gnolls (D:3)
  An ooze (D:3)
  2 worms (D:2)
  A leopard gecko (D:2)
  2 orcs
  A ball python (D:3)
  4 giant cockroaches
  10 goblins
  4 hobgoblins
  A kobold (D:3)
  A quokka (D:2)
  4 bats
  A frilled lizard (D:2)
  7 rats
43 creatures vanquished.

Notes
Turn   | Place    | Note
-------+----------+-------------------------------------------
     0 | D:1      | raph the Deep Elf Ice Elementalist began the quest for the
                  | Orb.
     0 | D:1      | Reached XP level 1. HP: 10/10 MP: 6/6
   846 | D:1      | Reached XP level 2. HP: 14/15 MP: 8/8
  1610 | D:2      | Reached XP level 3. HP: 16/19 MP: 4/9
  1700 | D:2      | Learned a level 3 spell: Frozen Ramparts
  1704 | D:2      | Learned a level 3 spell: Ozocubu's Armour
  2464 | D:2      | Reached skill level 5 in Ice Magic
  3102 | D:3      | Reached XP level 4. HP: 24/24 MP: 4/11
  3148 | D:3      | Found an iron altar of Okawaru.
  3458 | D:3      | HP: 1/24 [white imp/puff of frost (9)]
  3460 | D:3      | Killed from afar by a white imp

Illustrated notes

Levels and vault maps discovered:
D:1:      dpeg_arrival_round_c, layout_basic, serial_corexii_hall,
          corexii_hall_statues_i, chequers_hall_statues_wall_a,
          minmay_pentomino_q4
D:2:      minmay_diamond_boxcup, layout_basic, minivault_14, minmay_statues_item
D:3:      layout_basic, okawaru_altar_gauntlet_db, lemuel_round_altar,
          serial_rivers, chequers_serial_rivers_small_3,
          chequers_serial_rivers_large_a, chequers_serial_rivers_small_b,
          chequers_serial_rivers_micro_c

Skill      XL: |  1  2  3 |
---------------+----------+-----
Stealth        | 3 |  3.4
Dodging        | 3 |  3.3
Ice Magic      | 5 |  5.3
Spellcasting   | |  3.9

Action                   |  1- 3 |  4- 6 || total
-------------------------+-------+-------++-------
Melee: Hand axe          |    68 |    10 ||    78
Throw: Dart              |     1 |     1 ||     2
 Cast: Freeze            |    27 |     2 ||    29
       Frozen Ramparts   |     5 |     2 ||     7
       Ozocubu's Armour  |     1 |     1 ||     2
  Use: Scroll            |     7 |       ||     7
 Stab: Sleeping          |     2 |     1 ||     3
Armor: Robe              |    25 |     1 ||    26
Dodge: Dodged            |    63 |    11 ||    74
